 Dungeon Crawl Stone Soup version 0.30-a0-591-g3c58d2bc28 (webtiles) character file.

Game seed: 17037210459087876344

169 gelatine the Firebug (level 5, -6/37 HPs)
             Began as a Demonspawn Fire Elementalist on Jan 5, 2023.
             Was a Follower of Vehumet.
             Killed by divine providence
             ... invoked by an orc priest
              (11 damage)
             ... on level 4 of the Dungeon.
             The game lasted 00:12:47 (2850 turns).

gelatine the Firebug (Demonspawn Fire Elementalist) Turns: 2850, Time: 00:12:48

Health: -6/37      AC:  3    Str:  8    XL:     5   Next: 25%
Magic:  0/9        EV: 12    Int: 18    God:    Vehumet [*.....]
Gold:   140        SH:  0    Dex: 14    Spells: 6/9 levels left

rFire   + . .      SeeInvis .    e - +4 spear
rCold   . . .      Faith    .    (no shield)
rNeg    . . .      Spirit   .    h - +0 leather armour
rPois   .          Reflect  .    (no helmet)
rElec   .          Harm     .    (no cloak)
rCorr   .          Rampage  .    (no gloves)
Will    .....                    (no boots)
Stlth   ++                       (no amulet)
HPRegen 0.26/turn                i - ring of protection from fire
MPRegen 0.22/turn                (no ring)

@: no status effects
A: magic regeneration, sturdy frame 1
a: Renounce Religion


You were on level 4 of the Dungeon.
You worshipped Vehumet.
Vehumet was aware of your devotion.
You visited 2 branches of the dungeon, and saw 5 of its levels.

You collected 140 gold pieces.

Inventory:

Hand Weapons
 e - a +4 spear (weapon)
Missiles
 n - 3 atropa-tipped darts
Armour
 a - a +0 robe
 h - a +0 leather armour (worn)
Jewellery
 i - a ring of protection from fire (left hand)
Scrolls
 d - 2 scrolls of brand weapon {unknown}
 f - 2 scrolls of immolation {unknown}
 j - 3 scrolls of identify {unknown}
 k - a scroll of vulnerability {unknown}
 l - a scroll of silence {unknown}
 o - a scroll of amnesia {unknown}
 t - a scroll of fog {unknown}
Potions
 b - 2 potions of magic
 c - 2 potions of degeneration {unknown}
 g - 3 potions of flight {unknown}
 m - a potion of ambrosia {unknown}
 p - a potion of berserk rage {unknown}
 q - a potion of attraction {unknown}
 r - a potion of cancellation {unknown}
 s - a potion of brilliance {unknown}
 u - a potion of resistance {unknown}


   Skills:
 * Level 1.5 Fighting
 + Level 1.0 Polearms
 * Level 1.1 Armour
 * Level 2.3 Dodging
 + Level 2.0 Stealth
 + Level 2.8 Spellcasting
 * Level 1.6 Conjurations
 + Level 3.5 Fire Magic


You had 6 spell levels left.
You knew the following spells:

 Your Spells              Type           Power      Damage    Failure   Level
a - Foxfire               Conj/Fire      44%        2x1d6     6%          1
b - Scorch                Fire           30%        2d6       6%          2

Your spell library contained the following spells:

 Spells                   Type           Power      Damage    Failure   Level
 Freeze                   Ice            8%         1d3       19%         1
 Cigotuvi's Dreadful Rot  Necr/Pois/Air  4%         N/A       26%         2
 Inner Flame              Hex/Fire       8%         N/A       26%         3
 Kindle Blastsparks       Fire/Tloc/Air  12%        2d11      32%         3
 Flame Wave               Conj/Fire      11%        2d6       52%         4
 Anguish                  Hex/Necr       1%         N/A       87%         4
 Dispel Undead            Necr           2%         3d7       87%         4
 Death Channel            Necr           1%         N/A       100%        6
 Enfeeble                 Hex            1%         N/A       100%        7


Dungeon Overview and Level Annotations

Branches:
Dungeon (4/15)             Temple (1/1) D:4

Altars:
Ashenzari
Cheibriados
Dithmenos
Fedhas
Gozag
Hepliaklqana
Kikubaaqudgha
Makhleb
Nemelex Xobeh
Qazlal
Ru
Sif Muna
Trog
Uskayaw
Vehumet

Shops:
D:2 :


Innate Abilities, Weirdness & Mutations

You regenerate magic rapidly.
Your movements are slightly less encumbered by armour. (ER -2)


Message History

Vehumet accepts your kill.
The foxfire hits the orc.
The orc is moderately wounded.
The foxfire hits the orc.
The orc is severely wounded.
The orc hits you with a +0 hand axe. x2
Casting: Scorch (safe; 6% risk of failure)
Confirm with . or Enter, or press ? or * to list all spells.
Flames lash the orc.
You kill the orc!
Vehumet accepts your kill. The orc closely misses you.
The orc priest mumbles some strange prayers to Beogh against you.
Beogh smites you!
Casting: Scorch (safe; 6% risk of failure)
Confirm with . or Enter, or press ? or * to list all spells.
Flames lash the orc.
The orc is moderately wounded.
The orc's fire resistance burns away.
The orc hits you with a +0 hand axe.
The orc priest hits you with a +0 dagger.
Casting: Scorch (safe; 6% risk of failure)
Confirm with . or Enter, or press ? or * to list all spells.
Flames lash the orc priest.
The orc priest is heavily wounded.
The orc priest's fire resistance burns away.
The orc priest hits you with a +0 dagger.
The orc hits you with a +0 hand axe.
* * * LOW HITPOINT WARNING * * *
You are too injured to fight recklessly!
Casting: Scorch (safe; 6% risk of failure)
Confirm with . or Enter, or press ? or * to list all spells.
You don't have enough magic to cast this spell.
You closely miss the orc priest.
The orc priest is heavily wounded.
The orc is no longer more vulnerable to fire.
The orc hits you with a +0 hand axe.
* * * LOW HITPOINT WARNING * * *
The orc priest calls down the wrath of Beogh upon you.
Beogh smites you!
You die...

###.# #...# #.
####.### .#
##....### .#
........## .
.........## ##.
..........## #.##
...........#
#..########
..........##
#..@o.....#
#.......###
##.#)o......
##..#####
#..#).o.....
##...##
#.###.......
###..### ##.#
#......
##...###..# #.....
###.....##..##
##...
#............# ##.
#.......#...#....#


You could see an orc priest (combustible) and 2 orcs.

Vanquished Creatures
  An iguana (D:4)
  4 gnolls (D:3)
  3 adders
  4 dart slugs (D:1)
  4 orcs
  3 ball pythons
  8 bats
  4 endoplasms
  3 giant cockroaches (D:1)
  6 goblins
  8 hobgoblins
  3 jackals (D:3)
  4 quokkas
  4 frilled lizards
  5 rats
64 creatures vanquished.

Vanquished Creatures (others)
  195 foxfires
195 creatures vanquished.

Grand Total: 259 creatures vanquished

Notes
Turn   | Place    | Note
-------+----------+-------------------------------------------
     0 | D:1      | gelatine the Demonspawn Fire Elementalist began the quest
                  | for the Orb.
     0 | D:1      | Reached XP level 1. HP: 13/13 MP: 3/3
    92 | D:1      | Reached skill level 3 in Fire Magic
   238 | D:1      | Gained mutation: Your movements are slightly less
                  | encumbered by armour. (ER -2) [demonic ancestry]
   238 | D:1      | Reached XP level 2. HP: 19/19 MP: 1/5
   794 | D:1      | Gained mutation: You regenerate magic rapidly. [demonic
                  | ancestry]
   794 | D:1      | Reached XP level 3. HP: 20/24 MP: 1/6
   836 | D:1      | Found a faded altar of an unknown god.
  1127 | D:2      | Learned a level 2 spell: Scorch
  1276 | D:2      | Identified the +4 spear of Rumpuw {flame, *Corrode rC+++
                  | Will+++ Stlth-}
  1317 | D:2      | Found Naizuwn's Book Emporium.
  1616 | D:3      | You fall into a shaft and drop 1 floor!
  1616 | D:4      | Found a staircase to the Ecumenical Temple.
  1619 | Temple   | Entered the Ecumenical Temple
  1772 | Temple   | Became a worshipper of Vehumet
  2050 | D:4      | Reached XP level 4. HP: 31/31 MP: 2/7
  2173 | D:3      | Reached skill level 1 in Fighting
  2176 | D:3      | Reached skill level 1 in Armour
  2389 | D:3      | Reached XP level 5. HP: 37/37 MP: 5/9
  2439 | D:3      | Reached skill level 1 in Polearms
  2502 | D:3      | Reached * piety under Vehumet
  2502 | D:3      | Offered knowledge of Freeze by Vehumet.
  2746 | D:3      | Found a stormy altar of Qazlal.
  2850 | D:4      | Killed from afar by an orc priest

Illustrated notes

Levels and vault maps discovered:
D:1:      spicycebolla_arrival_xxxplode, layout_rooms,
          hellmonk_ecumenical_altar_defaced_shrine
D:2:      layout_loops_cross, serial_shops, nicolae_shop_crystal,
          corexii_leaking_fountain, serial_bayou_pond_c, minmay_statues_item
D:3:      layout_rooms, nicolae_qazlal_eye_of_the_storm
D:4:      layout_cave_pods, temple_doors_e
Temple:   minmay_crystal_spiral_temple

Skill      XL: |  1  2  3  4  5 |
---------------+----------------+-----
Fire Magic     | 3 |  3.5
Dodging        | 2 |  2.3
Stealth        | 2 |  2.0
Fighting       | 1 |  1.5
Armour         | 1 |  1.1
Polearms       | 1 |  1.0
Spellcasting   | |  2.8
Conjurations   | |  1.6

Action                   |  1- 3 |  4- 6 || total
-------------------------+-------+-------++-------
Melee: Unarmed           |    17 |       ||    17
       Spear             |    30 |    24 ||    54
       Punch             |     1 |     1 ||     2
 Cast: Foxfire           |    60 |    55 ||   115
       Scorch            |       |     4 ||     4
Armor: Robe              |     8 |       ||     8
       Leather armour    |     5 |     5 ||    10
Dodge: Dodged            |    29 |    24 ||    53

Table legend: (Time is in decaauts)
 A = Elapsed time spent in this place.
 B = Non-inter-level travel time spent in this place.
 C = Inter-level travel time spent in this place.
 D = Time resting spent in this place.
 E = Time spent auto-exploring this place.
 F = Levels seen in this place.
 G = Mean time per level.
                   A        B        C        D        E       F      G
               +--------+--------+--------+--------+--------+-----+--------+
         Total |   2853 |   2640 |    213 |      0 |   2144 |   5 |  570.6 |
       Dungeon |   2640 |   2511 |    129 |      0 |   2033 |   4 |  660.0 |
        Temple |    212 |    128 |     84 |      0 |    111 |   1 |  212.0 |
               +--------+--------+--------+--------+--------+-----+--------+

Top non-repeatable levels by time:
     D:1: 984 daAuts
     D:3: 708 daAuts
     D:2: 632 daAuts
     D:4: 314 daAuts
  Temple: 212 daAuts
